[Event "13th Chennai Open 2022"]
[Site "Chennai"]
[Date "2022.06.21"]
[Round "4.14"]
[White "Vignesh B"]
[Black "Nguyen, Van Huy"]
[Result "1-0"]
[ECO "A06"]
[WhiteElo "2072"]
[BlackElo "2405"]
[Annotator "TA"]
[PlyCount "65"]
[EventDate "2022.06.19"]
[EventType "swiss"]
[EventCountry "IND"]
[SourceTitle "playchess.com"]
[Source "ChessBase"]
[SourceQuality "1"]
[TimeControl "5400+30"]

1. Nf3 Nf6 2. b3 d5 3. Bb2 Bg4 4. Ne5 Bh5 5. d4 e6 6. Qd3 {[%emt 0:06:58] [#] A06: Réti Opening: 1 Nf3 d5.} Nfd7 $146 ({Predecessor:} 6... Bb4+ 7. c3 Bd6 8. Qh3 O-O 9. e3 Nbd7 10. f4 Bg6 11. Nxg6 hxg6 12. Bd3 c5 {1-0 (75) Alatortsev,V-Rauzer,V Leningrad 1936}) 7. Nxd7 Nxd7 8. e3 {[%emt 0:00:49] The position is equal.} Bd6 9. Be2 Bg6 10. Qd1 O-O 11. Nd2 c5 12. c4 cxd4 13. exd4 e5 14. cxd5 exd4 15. Bxd4 Nb6 16. O-O Nxd5 17. Nc4 Bc7 18. Bf3 Nb4 {[%emt 0:02:59] [#] White now steadily converts the win.} (18... Qh4 19. g3 Qd8 20. Bc5 $16) (18... Qg5 $1 $11 {keeps the balance.}) 19. Bc5 $1 $16 ({Inferior is} 19. Bxb7 Rb8 20. Bf3 Nc2 21. Bxa7 Nxa1 22. Qxd8 (22. Bxb8 Qxb8 23. Qxa1 Bxh2+ 24. Kh1 Qf4 $11) 22... Rbxd8 $11) 19... Nc2 20. Rc1 ({Don't take} 20. Bxb7 Nxa1 21. Bxa8 Qxd1 22. Rxd1 Rxa8 $16) 20... Qg5 $2 (20... Re8 $16 21. Rxc2 Qxd1 22. Bxd1 Bxc2 23. Bxc2 b6) 21. Bxf8 $18 ({Avoid the trap} 21. Bxb7 $2 Rad8 22. Bxf8 (22. Bd6 $2 Bxd6 23. Nxd6 Qe7 $19) 22... Rxd1 23. Rcxd1 Kxf8 $19) 21... Rxf8 22. Rxc2 Bxc2 23. Qxc2 Qf4 {[%emt 0:31:46][%csl Gc7][%cal Rf4h2] [#]} 24. Re1 Qxh2+ 25. Kf1 b5 26. Ne3 h5 27. Ke2 g6 28. Rd1 Bb6 29. Rd7 {[%emt 0:02:32] Bd5 is the strong threat.} Qe5 30. Qe4 Qb2+ 31. Rd2 Qa1 32. Nd5 Bc5 (32... Bd8 {was worth a try.} 33. Qe3 a5) 33. b4 {[%emt 0:01:47] Weighted Error Value: White=0.09 (flawless) /Black=0.30} 1-0

[Event "13th Chennai Open 2022"]
[Site "Chennai"]
[Date "2022.06.21"]
[Round "4.15"]
[White "Jani Kushal R"]
[Black "Gusain, Himal"]
[Result "1/2-1/2"]
[ECO "A37"]
[WhiteElo "1800"]
[BlackElo "2396"]
[Annotator "TA"]
[PlyCount "87"]
[EventDate "2022.06.19"]
[EventType "swiss"]
[EventCountry "IND"]
[SourceTitle "playchess.com"]
[Source "ChessBase"]
[SourceQuality "1"]
[TimeControl "5400+30"]

1. Nf3 c5 2. g3 Nc6 3. Bg2 g6 4. O-O Bg7 5. c4 e5 6. Nc3 d6 7. e3 {[%emt 0:03:03][%cal Od2d4] A37: Symmetrical English vs ...g6: 4 Bg2 Bg7 5 Nf3.} Be6 8. d4 {[%emt 0:06:36] [#] Strongly threatening d5.} Bxc4 9. Re1 {[%emt 0:01:09] [#]} Ba6 $146 ({Don't play} 9... cxd4 10. exd4 Nge7 11. dxe5 (11. d5 Nb8 $11) 11... dxe5 12. Qa4 $14) (9... Nge7 $11) ({Predecessor:} 9... Nge7 10. Qa4 Be6 11. dxc5 d5 12. Ng5 e4 13. Nxe6 fxe6 14. Rd1 Qb8 15. f3 exf3 16. Bxf3 {½-½ (90) Arfan,A (2274)-Bilguun,S (2454) Tornelo INT 2021}) 10. dxc5 (10. Qa4 $1 $14 Kf8 11. dxc5) 10... dxc5 $11 11. Ne4 (11. Qa4 $14) 11... Qxd1 (11... Qe7 $11 12. Qc2 Nb4 13. Qa4+ (13. Qxc5 Qxc5 14. Nxc5 Nc2 $15) 13... Kf8) 12. Rxd1 $14 Bf8 13. b4 {[%emt 0:07:54] White is more active.} (13. b3 $1 $14) 13... cxb4 $11 14. Bb2 f6 15. a3 Be2 16. Rdc1 (16. Rd2 $11 Bxf3 17. Bxf3) 16... bxa3 (16... Rd8 $1 $15) 17. Bxa3 {[%emt 0:02:52] The position is equal.} f5 {[%emt 0:02:02] [#] And now ...Bxa3 would win.} 18. Nd6+ Bxd6 19. Bxd6 Bxf3 20. Bxf3 {[%emt 0:00:06] This bishop pair is nice.} e4 21. Be2 {[%emt 0:00:37] Rab1 is the strong threat.} Nge7 22. Rab1 Rd8 23. Bxe7 Kxe7 24. Rxb7+ Rd7 25. Rxd7+ Kxd7 {[%emt 0:00:00][%mdl 4096] Endgame KRB-KRN} 26. Bb5 Rc8 27. Ra1 Ke6 28. Ra6 Kd5 29. Bxc6+ Rxc6 30. Rxa7 {[%emt 0:00:08] KR-KR} h6 31. Kg2 g5 32. Ra5+ Ke6 33. h3 Rc2 34. Ra6+ Kf7 35. Rxh6 f4 $1 36. gxf4 gxf4 37. Rh4 fxe3 38. Rf4+ Kg6 39. Rxe4 Rxf2+ 40. Kg3 Re2 41. Kf3 Rh2 42. Rxe3 Rxh3+ 43. Ke2 Rxe3+ 44. Kxe3 {[%emt 0:00:04] Weighted Error Value: White=0.15 (very precise) /Black=0.09 (flawless)} 1/2-1/2

[Event "13th Chennai Open 2022"]
[Site "Chennai"]
[Date "2022.06.21"]
[Round "4.16"]
[White "Apoorv Kamble"]
[Black "Rajesh, V A V"]
[Result "0-1"]
[ECO "C54"]
[WhiteElo "1846"]
[BlackElo "2358"]
[Annotator "TA"]
[PlyCount "74"]
[EventDate "2022.06.19"]
[EventType "swiss"]
[EventCountry "IND"]
[SourceTitle "playchess.com"]
[Source "ChessBase"]
[SourceQuality "1"]
[TimeControl "5400+30"]

1. e4 e5 2. Nf3 Nc6 3. Bc4 Bc5 4. c3 Nf6 5. d3 d6 6. Nbd2 h6 {[%emt 0:01:03] C54: Giuoco Piano: 4 c3 Nf6, main lines with 5 d4 and 5 d3.} 7. h3 (7. b4 $5 Bb6 8. a4 $11) 7... a6 8. Bb3 Ba7 $1 {[%emt 0:03:53] The position is equal. 8...Ba7 is better than 8...0-0.} 9. Nf1 d5 10. Qe2 O-O 11. Ng3 Re8 12. O-O Be6 13. Nh4 {[%emt 0:00:58] [#]} (13. Rd1 $11) 13... Nxe4 $1 $15 14. dxe4 Qxh4 15. exd5 Bxd5 (15... Bxh3 $15 16. Be3 Bg4) 16. Bxd5 $11 Qxg3 {[%emt 0:00:14] [#]} 17. Be3 $146 ({Predecessor:} 17. Kh1 Qg6 18. Be3 Bb6 19. Bxb6 cxb6 20. Qe3 b5 21. Qb6 Rad8 22. Bb3 Rd7 23. a4 bxa4 24. Bxa4 {½-½ (43) Jiang,B (1954)-Estrada Nieto,J (2280) Chess.com INT 2020}) 17... Qg6 18. Rad1 {[%emt 0:00:07] Prevents Nd4.} Bb6 19. Qf3 e4 20. Qf4 Re7 21. Rfe1 (21. Bxb6 $11 cxb6 22. Rde1) 21... Rae8 (21... Bxe3 $15 22. Qxe3 Rd8) 22. Bxb6 cxb6 23. Re3 Kh8 24. Rg3 Qh5 25. Bb3 Qe5 26. Qh4 Rd8 {[%emt 0:03:43] Prevents Rd5.} 27. Re1 (27. Rxd8+ $11 Nxd8 28. Re3) 27... Rd2 {[%emt 0:04:33] Hoping for ...f5. Black is more active.} 28. Rg4 $2 {[%emt 0:04:58] This costs White the game.} (28. Rge3 $17 {was worth a try.} f5 29. R3e2 Rxe2 30. Rxe2) 28... f5 $19 ({But not} 28... Rxb2 29. Rgxe4 Qf6 30. Qxf6 Rxe4 31. Qxf7 $1 (31. Rxe4 gxf6 32. Bxf7 b5 $11) 31... Rxe1+ 32. Kh2 Rxb3 33. Qxb3 $18) 29. Rg6 {[%emt 0:00:10][%cal Og6h6] Intending Rxh6+! and mate.} Kh7 (29... Rxb2 $2 {[#] gets mated.} 30. Rxh6+ $1 gxh6 31. Qxh6+ Rh7 32. Qf8#) 30. Qh5 (30. Rg3 $142 f4 31. Rg4) 30... Qf4 31. Rf1 Ne5 32. Rxb6 g6 33. g3 Nf3+ 34. Kg2 gxh5 {[%emt 0:00:11] Black mates.} 35. gxf4 Rg7+ 36. Kh1 {[%emt 0:02:48] [#]} Rxf2 $3 37. Rxb7 (37. Bg8+ Kxg8) 37... Rxf1# {[%emt 0:00:08] Weighted Error Value: White=0.71/Black=0.09 (flawless)} 0-1

[Event "13th Chennai Open 2022"]
[Site "Chennai"]
[Date "2022.06.21"]
[Round "4.17"]
[White "Madhavan R Munjanattu"]
[Black "Karthikeyan, P.."]
[Result "1/2-1/2"]
[ECO "A44"]
[WhiteElo "1779"]
[BlackElo "2361"]
[Annotator "TA"]
[PlyCount "67"]
[EventDate "2022.06.19"]
[EventType "swiss"]
[EventCountry "IND"]
[SourceTitle "playchess.com"]
[Source "ChessBase"]
[SourceQuality "1"]
[TimeControl "5400+30"]

1. d4 c5 2. d5 e5 3. e4 d6 4. Nc3 a6 5. a4 g6 6. g3 {[%emt 0:01:38] A44: Semi-Benoni.} Bg7 7. Bh3 Bxh3 8. Nxh3 {[%emt 0:00:05] White is slightly better.} Qc8 9. Ng5 {[%emt 0:00:05] [#]} Nf6 $146 ({Predecessor:} 9... h6 10. Nf3 Ne7 11. Nd2 Nd7 12. Nc4 Qc7 13. O-O Rb8 14. a5 O-O 15. f4 exf4 16. Bxf4 {0-1 (35) Stefanopoulos,O (2246)-Managadze,N (2444) Athens 2006}) 10. Be3 O-O 11. Nf3 Nbd7 12. Nd2 Ne8 {[%emt 0:02:00] [#]} 13. g4 $1 b6 14. f3 Qd8 15. h4 Bf6 16. h5 ({Don't play} 16. g5 Be7 $14) 16... Bg5 17. Bxg5 Qxg5 18. Nc4 ({White should play} 18. Qe2 $16) 18... Rb8 (18... f5 $14) 19. Qd2 $16 Qxd2+ 20. Kxd2 Kg7 21. hxg6 (21. Nd1 $16) 21... fxg6 $14 22. Ke3 Ndf6 23. Ra3 (23. g5 $16) 23... Rf7 (23... h6 $11 {remains equal.}) 24. g5 Nh5 25. Rb3 {[%emt 0:00:33] Active counter play!} Rfb7 (25... Ng3 $2 26. Rh3 Nh5 27. Rxb6 Rxb6 28. Nxb6 $18) 26. Ne2 b5 27. axb5 axb5 28. Na5 Rb6 29. Nc6 Ra8 30. Rb1 ({White should try} 30. f4 $16) 30... Nc7 31. Ra3 (31. Rc3 $14) 31... Rxa3+ $11 {[%emt 0:00:59] The position is equal.} 32. bxa3 {[%emt 0:00:01] [#] aiming for c4.} Ra6 33. Rb3 {[%emt 0:00:46][%cal Oc2c4] Hoping for c4!} c4 34. Rc3 {[%emt 0:01:14] Weighted Error Value: White=0.14 (very precise) /Black=0.12 (very precise)} 1/2-1/2

[Event "13th Chennai Open 2022"]
[Site "Chennai"]
[Date "2022.06.21"]
[Round "4.18"]
[White "Patil Priyanshu"]
[Black "Konguvel, Ponnuswamy"]
[Result "1/2-1/2"]
[ECO "B27"]
[WhiteElo "1796"]
[BlackElo "2331"]
[Annotator "TA"]
[PlyCount "86"]
[EventDate "2022.06.19"]
[EventType "swiss"]
[EventCountry "IND"]
[SourceTitle "playchess.com"]
[Source "ChessBase"]
[SourceQuality "1"]
[TimeControl "5400+30"]

1. e4 c5 2. Nc3 g6 3. d4 cxd4 4. Qxd4 Nf6 5. Nf3 Nc6 6. Qa4 d6 7. e5 dxe5 8. Nxe5 {[%emt 0:00:03] With the idea Bc4.} Bg7 {[%emt 0:00:47] B27: Sicilian: 2 Nf3, unusual Black 2nd moves.} 9. Bb5 O-O 10. Nxc6 bxc6 {[%emt 0:00:04] The position is equal.} 11. Bxc6 Bd7 12. O-O Bxc6 13. Qxc6 Rb8 14. Rb1 Qa5 {[%emt 0:03:54] [#]} 15. Bf4 $146 ({Predecessor:} 15. Qf3 Nd7 16. Bf4 e5 17. Bd2 Rfc8 18. Nd5 Qd8 19. Bb4 Nc5 20. Rfd1 a5 21. Bxa5 Qxa5 {1-0 (38) Ruperez Benito,A (2329)-Librelato,K (2100) Escaldes 2018}) 15... Rfc8 16. Qf3 Rb4 17. Qh3 ({White should play} 17. Bd2 $14) 17... e6 $11 18. Bd2 Rd4 {[%emt 0:12:00][%mdl 1024] Black has compensation.} 19. Be3 Rdc4 20. Rfd1 Ng4 21. Rd3 (21. Bd2 $1 $11) 21... Be5 (21... Bxc3 22. bxc3 Qxa2 23. Rf1 $17) 22. Rbd1 (22. g3 $17) 22... Bxh2+ (22... Bxc3 23. bxc3 Nxe3 24. Qxe3 $17) 23. Kf1 Be5 24. Bd4 Bxd4 (24... h5 $142 $1 {Strongly threatening ...Bxd4.} 25. Bxe5 Nxe5) 25. Rxd4 $17 Qf5 26. Qg3 Nf6 ({Black should try} 26... h5 $17 {...h4 is the strong threat.} 27. Rxc4 Rxc4) 27. Qd3 $11 Rxd4 28. Qxd4 Ng4 {[%emt 0:00:36][%cal Oc8c4] White must now prevent ...Rc4!} 29. Rd2 Rc5 (29... Qh5 $5 ) 30. f3 Nf6 31. Qd3 Qh5 32. Qd8+ (32. Qd4 $5 Qg5 33. Rd1 $11) 32... Kg7 {[%emt 0:00:01] Hoping for ...Qh1+.} 33. Qd4 $1 Re5 34. Kf2 a5 (34... Rf5 $5 35. Kg1 Qh6 $15) 35. Re2 Rg5 {[%emt 0:03:09] aiming for ...Qh1.} 36. Ne4 Qh4+ 37. Kf1 {[%emt 0:00:01] Really sharp!} ({Of course not} 37. g3 Qh2+ 38. Kf1 (38. Ke1 Qh1+ 39. Kf2 e5 $17) 38... Qh1+ 39. Kf2 Qh2+ 40. Ke1 Qh1+ 41. Kf2 (41. Kd2 $2 Rd5 $19) 41... e5 $17) 37... e5 {[%emt 0:00:13] [#]} (37... Qh1+ $11 {remains equal.} 38. Qg1 Nxe4 $1 39. Rxe4 Qxg1+ 40. Kxg1 Rd5) 38. Qf2 $1 $36 {[%emt 0:03:37][%mdl 2048] Keeping Black busy. White is more active.} Qh1+ 39. Qg1 Nxe4 40. Qxh1 Ng3+ 41. Kg1 {[%emt 0:00:00][%cal Oh1h4] Threatens to win with Qh4!} Nxe2+ $4 ({Less strong is} 41... Rh5 {[#]} 42. Qxh5 $1 Nxe2+ 43. Kf2 gxh5 44. Kxe2 $16) (41... Nxh1 $16 {keeps fighting.} 42. Kxh1 Kf6) 42. Kf2 $18 Nf4 43. g4 f5 {[%emt 0:00:30] Never resign too early!  Weighted Error Value: White=0.16 (very precise) /Black=0.30} 1/2-1/2

[Event "13th Chennai Open 2022"]
[Site "Chennai"]
[Date "2022.06.22"]
[Round "5.1"]
[White "Srijit Paul"]
[Black "Savchenko, Boris"]
[Result "1/2-1/2"]
[ECO "B81"]
[WhiteElo "2399"]
[BlackElo "2524"]
[Annotator "TA"]
[PlyCount "109"]
[EventDate "2022.06.19"]
[EventType "swiss"]
[EventCountry "IND"]
[SourceTitle "playchess.com"]
[Source "ChessBase"]
[SourceQuality "1"]
[TimeControl "5400+30"]

1. e4 c5 2. Nf3 d6 3. d4 cxd4 4. Nxd4 Nf6 5. Nc3 a6 6. h3 e6 7. g4 h6 8. Bg2 Nc6 9. Nxc6 {[%emt 0:04:23] B81: Sicilian Scheveningen: Keres Attack.} bxc6 10. e5 dxe5 11. Bxc6+ {[%emt 0:06:46] White is slightly better.} Bd7 12. Bxa8 Qxa8 13. Rg1 {[%emt 0:00:23] [#]} h5 $146 ({Black should try} 13... Bc6 $14) ({Predecessor:} 13... Nd5 14. Nxd5 exd5 15. Qf3 Bd6 16. Bd2 Bc6 17. Qg3 d4 18. O-O-O O-O 19. g5 h5 {½-½ (47) Van Leeuwen,E (2493)-Genga,S (2436) ICCF email 2016}) 14. g5 $16 Nd5 15. Bd2 Ne7 16. Qe2 Ng6 17. O-O-O Bc6 {[%emt 0:00:52] Inhibits Ne4.} 18. Qc4 Be7 19. Be3 O-O (19... Bf3 $142) 20. Bc5 Bxc5 21. Qxc5 Bg2 22. Qe3 h4 23. Ne2 Rc8 24. Rd2 Kh7 25. Re1 Bf3 26. Ng1 Bd5 27. Kb1 a5 28. Ne2 Bf3 29. Nc3 Qc6 {[%emt 0:00:31] [#]} 30. Qa7 {[%emt 0:00:00] Against Rb8} (30. Nb5 $1 $18 {[%mdl 512] And now Na7 would win.} Bd5 31. a4 (31. Na7 Qc4 $16)) 30... Bg2 31. Re3 ({Wrong is} 31. Qxf7 $2 Rc7 32. Qxc7 Qxc7 $19) 31... Qc4 32. Ne2 {[%emt 0:04:10] Threatens to win with Rc3.} ({But not} 32. Qxa5 $6 Qf1+ 33. Rd1 Qxf2 $11) 32... Ra8 $2 (32... Qc5 $16 33. Qd7 (33. Qxf7 Rf8 $16) 33... Rc7) 33. Qd7 (33. Qxf7 $142 Bd5 34. b3) 33... a4 (33... Kg8 $142 34. a3 a4) 34. Qd3 (34. Rc3 $18 Qb4 35. Qxf7) 34... Qxd3 35. Rdxd3 e4 (35... Nf4 $16) 36. Rd7 (36. Ra3 $18) 36... Ne5 (36... Rf8 $16 37. Kc1 e5) 37. Rc7 $18 Rd8 38. Kc1 {[%emt 0:00:09] Inhibits Rd1+.} Bf3 39. b4 axb3 40. axb3 Ra8 $2 (40... Kg6 41. Rc5 f6) 41. Kb2 {[%emt 0:00:14] aiming for Nc3.} Kg6 42. Nd4 Bg2 43. Rc5 $1 Nd7 44. Rb5 e5 45. Nc6 {[%emt 0:00:05] Rd5 is the strong threat.} f6 46. gxf6 Kxf6 47. Nb4 (47. Rd5 $18 Ke6 48. Rxd7 $1 Kxd7 49. Nxe5+ Ke6 50. Ng6) 47... g5 48. Nd5+ Kg6 (48... Kf7 $16) 49. Rb7 $1 Rd8 50. Ne7+ Kf6 {[%emt 0:01:05] [#]} 51. Nc6 Rc8 52. Na7 Rd8 {[%emt 0:00:04] [#]} 53. Nc6 (53. b4 $1 $16) 53... Rc8 54. Na7 (54. Rxd7 $18 Rxc6 55. b4) 54... Rd8 $16 55. Nc6 {[%emt 0:01:44] Weighted Error Value: White=0.30/Black=0.26 (precise)} (55. b4 $16) 1/2-1/2

[Event "13th Chennai Open 2022"]
[Site "Chennai"]
[Date "2022.06.22"]
[Round "5.2"]
[White "Stupak, Kirill"]
[Black "Abdyjapar, Asyl"]
[Result "1/2-1/2"]
[ECO "D17"]
[WhiteElo "2440"]
[BlackElo "2346"]
[Annotator "TA"]
[PlyCount "100"]
[EventDate "2022.06.19"]
[EventType "swiss"]
[EventCountry "IND"]
[SourceTitle "playchess.com"]
[Source "ChessBase"]
[SourceQuality "1"]
[TimeControl "5400+30"]

1. d4 d5 2. Nf3 Nf6 3. c4 c6 4. Nc3 dxc4 5. a4 Bf5 6. Ne5 Nbd7 $1 {[%emt 0:00:00] 6...Nbd7 scores better than 6...e6.} 7. Nxc4 Qc7 8. Qd2 {[%emt 0:00:52] D17: Slav Defence: 5 a4 Bf5: Lines with 6 Nh4 and 6 Ne5.} g6 9. Qf4 Qxf4 10. Bxf4 {[%emt 0:00:00] Black is slightly better.} Bg7 11. e3 {[#]} O-O $146 (11... Nh5 $5 ) ({Predecessor:} 11... Nd5 12. Nxd5 cxd5 13. Na5 O-O 14. Nxb7 e5 15. dxe5 Nxe5 16. Nd6 Nd3+ 17. Bxd3 Bxd3 {1-0 (41) Wojtaszek,R (2734)-Svane,R (2543) Berlin 2015}) 12. Be2 Nd5 13. Bg3 a5 14. O-O Rfc8 15. Rfd1 Nb4 16. Rd2 Be6 17. Rad1 f5 18. Rc1 g5 19. Rdd1 Nd5 20. Nxd5 Bxd5 21. Bd3 Be6 22. b3 Bf6 23. h3 h5 24. Kf1 h4 25. Bh2 Kg7 26. f4 gxf4 27. Bxf4 b5 28. axb5 cxb5 29. Nd2 Rxc1 30. Rxc1 a4 31. Bxb5 axb3 {[%emt 0:00:00] [#]} 32. Nxb3 Bxb3 (32... Nb6 33. Nc5) 33. Bxd7 Kg6 34. Bb5 (34. Rc5 $5 ) 34... Bd5 (34... e6 $11 {is more appropriate.}) 35. Be2 (35. Bc6 $14 Rc8 {[#]} 36. Bc7 $1 (36. Bxd5 Rxc1+ 37. Ke2 Bg5 $17) 36... Bxc6 37. Rxc6) 35... Ra2 36. Bf3 Bxf3 37. gxf3 $14 {[%emt 0:00:00][%mdl 4096] Endgame KRB-KRB} Rb2 38. Re1 Ra2 39. Re2 Ra1+ 40. Re1 Ra2 41. Re2 Ra1+ 42. Kg2 Rd1 43. Rc2 Rb1 44. Re2 Rd1 45. Kf2 Rb1 46. Rd2 Ra1 47. Ke2 Rb1 ({Don't do} 47... Rh1 48. Rd1 Rxd1 49. Kxd1 $16) 48. Ra2 {[%emt 0:00:00] White is slightly better.} Kh7 49. Kf2 Kg6 50. Rc2 Rb4 {[%emt 0:00:00] Weighted Error Value: White=0.13 (very precise) /Black=0.09 (flawless)} 1/2-1/2

[Event "13th Chennai Open 2022"]
[Site "Chennai"]
[Date "2022.06.22"]
[Round "5.3"]
[White "Nitin, S.."]
[Black "Jubin Jimmy"]
[Result "1-0"]
[ECO "B12"]
[WhiteElo "2399"]
[BlackElo "2259"]
[Annotator "TA"]
[PlyCount "125"]
[EventDate "2022.06.19"]
[EventType "swiss"]
[EventCountry "IND"]
[SourceTitle "playchess.com"]
[Source "ChessBase"]
[SourceQuality "1"]
[TimeControl "5400+30"]

1. e4 c6 2. d4 d5 3. e5 c5 4. dxc5 e6 5. a3 Bxc5 6. Qg4 {[%emt 0:00:14] B12: Caro-Kann: Advance Variation.} Ne7 7. Nf3 Nd7 (7... Ng6 $11 {remains equal.}) 8. b4 $16 {[%emt 0:09:17] White is better.} ({Much worse is} 8. Qxg7 $6 Ng6 9. Bb5 Bf8 $11) 8... Bb6 9. Bd3 (9. Qxg7 $16 Rf8 10. Qxh7) 9... Bc7 $11 10. Bb2 Ng6 {[%emt 0:01:28] [#]} 11. O-O $146 ({Predecessor:} 11. h4 Kf8 12. Qg3 f5 13. h5 f4 14. Qg5 Qxg5 15. Nxg5 Bxe5 16. Bxe5 Ngxe5 17. Nxe6+ {1-0 (29) Werner,C (2200)-Leeb,S (2219) Bayern 2020}) 11... h5 (11... O-O $11 {keeps the balance.}) 12. Qg3 $16 h4 13. Qg4 Ndxe5 14. Nxe5 Bxe5 15. Bxe5 {[%emt 0:01:37][%mdl 64] Remove Defender} Nxe5 16. Qxg7 Rh5 17. Be2 Rf5 18. Nc3 (18. c4 $16) 18... Qf6 $1 $11 19. Qxf6 Rxf6 20. f4 Ng6 21. f5 $36 {[%emt 0:05:52][%mdl 2048] White has the initiative.} Ne7 (21... Rxf5 $14 22. Rxf5 exf5) 22. Nb5 $1 $16 {[%emt 0:03:26][%cal Bc3b5,Bb5d6,Bd6f7,Bf7e5][%mdl 32] And now Nc7+ would win.} Kd8 {[%emt 0:01:58] Inhibits Nc7.} 23. fxe6 Rxf1+ 24. Rxf1 Bxe6 25. Nd6 $1 Kc7 26. Nxf7 {[%emt 0:00:12] White is much more active.} Rg8 27. Bd3 {[%emt 0:03:19] Against Nf5} Nc6 28. b5 Ne7 29. Re1 Kd7 30. Ne5+ Kd6 31. Nf3 $1 h3 32. g3 Bf5 {[%emt 0:04:31] [#]} 33. Nd4 (33. Rxe7 $1 $16 Bxd3 34. Rxb7 Bxc2 35. Rxa7) 33... Bxd3 $14 34. cxd3 {[%emt 0:00:02][%mdl 4096] Endgame KRN-KRN} Rg4 35. Nc2 Ra4 (35... Nf5 $14) 36. Kf2 $16 Nf5 37. Kf3 ({Better is} 37. Re8 $1 $16) 37... Nh6 38. Re2 Ng4 (38... b6 $142) 39. d4 Nf6 40. Kf4 Ne4 {[%emt 0:00:21] [#]} 41. g4 $1 Nc3 42. Re3 Rc4 43. Kf5 ({Resist} 43. b6 axb6 44. g5 Ne4 $14) (43. g5 $16) 43... Nxb5 $11 {[%emt 0:00:26][%mdl 64] Discovered Attack} 44. Nb4 Nxd4+ 45. Kf6 Rc1 {[%emt 0:01:27] aiming for ...Rf1+.} 46. Rxh3 Rf1+ 47. Kg6 Rg1 48. Rh6 Kc5 49. g5 Nf3 {[%emt 0:00:29] White must now prevent ...a5.} 50. h4 Rh1 51. h5 Rg1 52. Kf5 Nh4+ (52... Nxg5 $2 53. Rg6 Rg3 54. Rxg5 $18) (52... Rxg5+ $2 53. Kf4 $18) (52... a5 $11) 53. Kf4 $14 {[%emt 0:00:52] Threatens to win with Rh8.} a5 {[%emt 0:00:03] [#]} 54. Nd3+ ({White should play} 54. Nc2 $1 $16) 54... Kd4 $11 55. Nf2 Rf1 $2 (55... Ng2+ $11 56. Kg4 Ne3+ 57. Kf4 Ng2+ 58. Kg4 Ne3+ 59. Kf4 Ng2+) 56. Kg4 $18 {[%emt 0:01:16] Strongly threatening Rf6.} Ng2 (56... Rxf2 $142 57. Kxh4 Ke5) 57. Kg3 (57. Rf6 $142 Ne3+ 58. Kh4) 57... Ne3 58. Rf6 {[%emt 0:00:02] Hoping for h6.} Rg1+ 59. Kh4 Ke5 $2 (59... Ng2+ 60. Kh3 Ne3) 60. h6 {[%emt 0:00:24][%cal Bh5h6,Bh6h7][%mdl 32] h7 is the strong threat.} Ng2+ 61. Kh5 {[%emt 0:00:54] h7 would kill now.} Ne1 62. h7 Rg2 63. Ng4+ {[%emt 0:00:10] Weighted Error Value: White=0.25 (precise) /Black=0.41} (63. Kg6 $142 Rh2 64. Ng4+ Kd4 65. Nxh2 Nc2 66. h8=Q Kd3 67. Rf3+ Ne3 68. Qe5) 1-0

[Event "13th Chennai Open 2022"]
[Site "Chennai"]
[Date "2022.06.22"]
[Round "5.4"]
[White "Baghdasaryan, Vahe"]
[Black "Srihari L R"]
[Result "1-0"]
[ECO "B12"]
[WhiteElo "2267"]
[BlackElo "2404"]
[Annotator "TA"]
[PlyCount "115"]
[EventDate "2022.06.19"]
[EventType "swiss"]
[EventCountry "IND"]
[SourceTitle "playchess.com"]
[Source "ChessBase"]
[SourceQuality "1"]
[TimeControl "5400+30"]

1. e4 c6 2. d4 d5 3. e5 Bf5 4. h4 h5 5. c4 e6 6. Nc3 dxc4 7. Bxc4 Nd7 8. Nge2 Be7 {[%emt 0:09:46] B12: Caro-Kann: Advance Variation.} 9. Ng3 Bg6 10. Nce4 (10. Nge2 $11) 10... Nh6 $15 {[%emt 0:04:19][%cal Bg8h6,Bh6f5,Bf5d4][%mdl 32] Black is slightly better.} 11. Bg5 Bxe4 12. Nxe4 Nf5 {[%emt 0:00:07] [#]} 13. Qb3 $146 ({Predecessor:} 13. O-O Nb6 14. Bd3 Qxd4 15. Qf3 Qxe5 16. Bxe7 Nxe7 17. Rfe1 Nbd5 18. Ng5 Qf4 19. Qe2 Qxh4 20. Nxf7 Kxf7 21. Qxe6+ {1-0 (28) Kostolansky,S (2393)-Cajka,T (2136) Bratislava 2021}) 13... Nxd4 14. Qc3 Bb4 15. Bxd8 $16 ({Much worse is} 15. Nd6+ Bxd6 16. exd6 (16. Bxd8 Bb4 $15) 16... Qb6 $15) 15... Rxd8 (15... Bxc3+ $142 16. bxc3 Nc2+ 17. Kd1 Nxa1) 16. Nd6+ Kf8 {[%emt 0:03:51] [#]} 17. O-O-O $1 Bxc3 18. bxc3 Nf5 19. Nxf5 (19. Nxb7 $18 Ke7 20. Nxd8 Rxd8 21. Rde1) 19... exf5 20. e6 {[%emt 0:00:05] White is more active.} fxe6 {[%emt 0:00:05] And now ...Ke7 would win.} 21. Bxe6 (21. Rhe1 $1 $16) 21... Ke7 $36 {[%emt 0:00:16][%mdl 2048] Black is pushing.} 22. Rhe1 Nc5 23. Bxf5+ Kf6 24. Bc2 Rxd1+ 25. Rxd1 {[%emt 0:00:16][%mdl 4096] Endgame KRB-KRN} Re8 26. Rd4 g5 {[%emt 0:04:39] Prevents Rf4+.} 27. Kd1 Rf8 28. g3 Re8 29. hxg5+ Kxg5 30. Rh4 Rd8+ 31. Ke2 Re8+ 32. Kf1 Nd7 (32... b6 $16) 33. f4+ $1 $18 Kh6 (33... Kf6 $142) 34. g4 Kg7 35. Rxh5 {[%emt 0:00:23] aiming for Rh7+.} Nf6 {[%emt 0:00:03] Inhibits Rh7+.} 36. Rg5+ Kf8 37. Rf5 (37. Kf2 $18 {and White stays clearly on top.}) 37... Kg7 $16 38. Bb3 {[%emt 0:01:12] Black must now prevent g5.} Re7 {[%emt 0:00:37] [#]} (38... Re3 $16 {is a better defense.}) 39. Rg5+ $1 $18 Kh8 $2 (39... Kh6 {is tougher.} 40. Kg2 Re3) 40. Rg6 Ne4 41. f5 Kh7 42. g5 $2 (42. Bc2 $18) 42... Ng3+ $11 43. Kf2 {[%emt 0:00:22] White wants to mate with Rh6+.} Nxf5 44. Rf6 Ne3 {[%emt 0:00:35] Inhibits Bc2+. Strongly threatening ...Ng4+.} 45. Kf3 {[%emt 0:00:36] Against Ng4} Kg7 46. Kf4 a5 47. Be6 Nd1 ({Black should try} 47... Nd5+ $1 $11 48. Bxd5 cxd5) 48. c4 $14 Nc3 $2 {[%emt 0:00:28][%mdl 8192] [#] Black cannot hold the game after this.} (48... Nb2 $16 {is more resistant.}) 49. Kf5 $1 $18 Ne2 50. Rg6+ Kh8 51. Rg8+ {[%emt 0:00:11] White mates.} Kh7 52. g6+ Kh6 53. Rh8+ Kg7 54. Rh7+ Kf8 55. Kf6 Rxe6+ 56. Kxe6 Nf4+ 57. Kf5 Nd3 58. Kf6 {[%emt 0:00:06] Weighted Error Value: White=0.21 (precise) /Black=0.58} 1-0